 Dungeon Crawl Stone Soup version 0.19.3 (webtiles) character file.

2543 Lahna the Protected (level 9, -10/75 HPs)
             Began as a Deep Dwarf Fighter on Jan 22, 2017.
             Was a Priest of Elyvilon.
             Killed by divine providence
             ... invoked by an orc priest
              (11 damage)
             ... on level 8 of the Dungeon.
             The game lasted 00:23:24 (5972 turns).

Lahna the Protected (Deep Dwarf Fighter)            Turns: 5972, Time: 00:23:24

Health: -10/75     AC: 23    Str: 22    XL:     9   Next: 30%
Magic:  13/13      EV:  9    Int:  8    God:    Elyvilon [***...]
Gold:   394        SH: 10    Dex: 14    Spells: 0 memorised, 8 levels left

rFire  . . .     SeeInvis .     a - +0 flail
rCold  . . .     Gourm    .     J - +8 chain mail of the Morning {Regen+}
rNeg   . . .     Faith    .     c - +0 shield
rPois  +         Spirit   .     L - +0 helmet
rElec  .         Reflect  .     (no cloak)
rCorr  .         Harm     .     k - +2 pair of gloves {archery}
MR     ++...                    (no boots)
Stlth  ..........               F - amulet of magic regeneration
                                M - ring of protection from magic
                                E - ring of poison resistance

@: exhausted, non-regenerating, slowed, very slow
A: damage resistance, recharge devices, sense surroundings 2, slow regeneration
3
a: Device Recharging, Lesser Healing, Heal Other, Purification, Divine
Protection, Renounce Religion


You were on level 8 of the Dungeon.
You worshipped Elyvilon.
Elyvilon was most pleased with you.
You were very hungry.

You visited 2 branches of the dungeon, and saw 9 of its levels.

You collected 394 gold pieces.

Inventory:

Hand Weapons
 a - a +0 flail (weapon)
Armour
 c - a +0 shield (worn)
 k - a +2 pair of gloves of archery (worn)
 J - the +8 chain mail of the Morning (worn) {Regen+}
   (You found it on level 5 of the Dungeon)

   It increases your rate of regeneration.
 L - a +0 helmet (worn)
Jewellery
 g - a +3 ring of strength
 i - an uncursed ring of stealth
 u - an uncursed ring of ice
 E - a ring of poison resistance (left hand)
 F - an amulet of magic regeneration (around neck)
 M - a ring of protection from magic (right hand)
 O - an uncursed ring of see invisible {unknown}
Wands
 e - a wand of heal wounds (0/9)
 m - a wand of iceblast (9/15)
 q - a wand of teleportation (4/9)
Scrolls
 d - a scroll of recharging
 s - 2 scrolls of identify
 t - 2 scrolls of enchant armour
 v - 2 scrolls of blinking
 y - 2 scrolls of amnesia
 D - a scroll of random uselessness {unknown}
 G - a scroll of fear {unknown}
 H - a scroll of enchant weapon {unknown}
 K - a scroll of silence {unknown}
Potions
 h - 2 potions of brilliance
 n - a potion of cancellation
 p - 4 potions of curing
 w - 2 potions of flight
 x - 7 potions of lignification
 z - a potion of heal wounds
 A - a potion of mutation
 B - a potion of agility {unknown}
 C - a potion of cure mutation
 I - a potion of ambrosia {unknown}
 P - 2 potions of degeneration {unknown}
Books
 N - a book of Geomancy

   Spells                             Type                      Level
   a - Sandblast                      Earth                        1
   b - Passwall                       Transmutation/Earth          2
   c - Stone Arrow                    Conjuration/Earth            3
   d - Petrify                        Transmutation/Earth          4
   e - Lee's Rapid Deconstruction     Earth                        5
Comestibles
 b - 6 meat rations
 f - 9 bread rations
 o - 6 fruits
 r - 7 beef jerkies


   Skills:
 - Level 3.0 Fighting
 - Level 7.0 Maces & Flails
 + Level 8.6 Armour
 - Level 5.0 Dodging
 - Level 2.0 Stealth
 - Level 5.0 Shields
 - Level 6.0 Evocations


You had 8 spell levels left.
You didn't know any spells.

Dungeon Overview and Level Annotations

Branches:
Dungeon (8/15)             Temple (1/1) D:4            Lair (0/6) D:8

Altars:
Ashenzari
Cheibriados
Dithmenos
Elyvilon
Fedhas
Gozag
Hepliaklqana
Kikubaaqudgha
Makhleb
Nemelex Xobeh
Okawaru
Qazlal
Ru
Sif Muna
Trog
Uskayaw
Vehumet
Xom
Yredelemnul
Zin
The Shining One


Innate Abilities, Weirdness & Mutations

You are resistant to damage.
You can recharge devices by infusing magical energy.
You passively map the area around you.
You do not regenerate.


Message History

The orc priest begins to cast a cantrip, but forgets the words!
Something hits you but does no damage.
The orc priest casts a cantrip, but nothing happens.
The warg pauses to sniff the ground.
Something hits you but does no damage. Something hits you but does no damage.
You hear some strange, mumbled words.
A puff of flame appears from out of thin air!
The puff of flame hits you!
The orc priest mumbles some strange prayers to Beogh against you.
Pain shoots through your body!
The orc priest looks encouraged for a moment.
The warg stops to sniff the ground.
The orc priest looks braver for a moment.
The orc priest mumbles some strange prayers to Beogh against you.
Beogh smites you!
* * * LOW HITPOINT WARNING * * *
The orc priest invokes the aid of Beogh against you.
Beogh smites you!
You die...

* *** ######oo.$.... * , ,
#.o..ho...###. *, ,#
#.o###o#..# # .# #..#
#.#..###.# .###
#..###.#.>.... ....
#.oo.o........ * .###,*
#..##.##..#### , .# * *
#.h##.....# , .# #.*
#.@##.....# .... ,
#.........# ##.
##........# ,* #.*
#####...## #. ##.## * #
#.####### ##.# * , ##
#.......### ##..#
.####........######...####
, ,,
.'.......................+
,


You could see a warg, 3 orc priests and an orc.

Vanquished Creatures
  2 hungry ghosts (D:8)
  A warg (D:8)
  The ghost of Lahna the Sneak, an amateur SpEn (D:3)
  An ice beast (D:3)
  2 orc warriors
  4 ogres
  A centaur (D:6)
  A big kobold (D:7)
  3 bullfrogs
  A water moccasin zombie (D:8)
  A scorpion (Temple)
  A water moccasin skeleton (D:4)
  A crimson imp (D:7)
  5 hounds
  2 orc priests
  3 bullfrog skeletons
  A jelly (D:5)
  A gnoll shaman (D:4)
  3 iguanas
  4 orc wizards
  A worker ant (D:4)
  A worker ant zombie (D:6)
  9 gnolls
  12 adders
  A shadow imp (D:5)
  4 adder skeletons
  2 adder zombies
  3 worms
  A dart slug (D:4)
  3 leopard geckos
  22 orcs
  8 giant cockroaches
  4 goblins
  7 hobgoblins
  5 jackals
  10 kobolds
  3 quokkas
  4 bats
  7 frilled lizards
  A jackal skeleton (D:6)
  8 rats
155 creatures vanquished.

Notes
Turn   | Place    | Note
-------+----------+-------------------------------------------
     0 | D:1      | Lahna the Deep Dwarf Fighter began the quest for the Orb.
     0 | D:1      | Reached XP level 1. HP: 20/20 MP: 1/1
   271 | D:1      | Reached XP level 2. HP: 27/27 MP: 2/2
   539 | D:2      | Reached XP level 3. HP: 23/33 MP: 3/3
  1123 | D:2      | Reached XP level 4. HP: 28/40 MP: 4/4
  1304 | D:3      | Reached skill level 5 in Maces & Flails
  1392 | D:3      | Reached XP level 5. HP: 41/46 MP: 5/5
  1410 | D:3      | Noticed an ice beast
  1419 | D:3      | Killed an ice beast
  1419 | D:3      | Reached skill level 1 in Stealth
  1471 | D:3      | Noticed Lahna's ghost (amateur SpEn)
  1492 | D:3      | Killed Lahna's ghost
  1492 | D:3      | Reached XP level 6. HP: 26/55 MP: 6/6
  2028 | D:3      | Found an opulent altar of Gozag.
  2101 | D:3      | Reached skill level 5 in Dodging
  2184 | D:4      | Reached skill level 4 in Armour
  2184 | D:4      | Reached XP level 7. HP: 27/61 MP: 7/7
  2274 | D:4      | Found a staircase to the Ecumenical Temple.
  2281 | Temple   | Entered the Ecumenical Temple
  2285 | Temple   | Reached skill level 5 in Armour
  2526 | Temple   | Became a worshipper of Elyvilon the Healer
  2859 | D:5      | Entered Level 5 of the Dungeon
  2955 | D:5      | Found a shadowy altar of Dithmenos.
  3060 | D:5      | Found a stormy altar of Qazlal.
  3237 | D:5      | Reached * piety under Elyvilon
  3249 | D:5      | HP: 1/62 [ogre/giant spiked club (7)]
  3326 | D:5      | Found a burning altar of Makhleb.
  3410 | D:5      | Reached XP level 8. HP: 25/69 MP: 8/8
  3475 | D:5      | Got a shimmering chain mail
  3488 | D:5      | Identified the +8 chain mail of the Morning {Regen+} (You found it on level 5 of the Dungeon)
  3711 | D:5      | Reached skill level 1 in Evocations
  4133 | D:6      | Reached skill level 5 in Evocations
  4354 | D:6      | HP: 2/69 [orc warrior/glaive (12)]
  4408 | D:6      | Reached ** piety under Elyvilon
  4874 | D:7      | Reached skill level 5 in Shields
  4962 | D:7      | Reached skill level 6 in Armour
  5058 | D:7      | Found a shimmering altar of Xom.
  5274 | D:7      | Reached *** piety under Elyvilon
  5776 | D:8      | Gained mutation: You passively map the area around you. [Deep Dwarf growth]
  5776 | D:8      | Reached XP level 9. HP: 58/75 MP: 13/13
  5789 | D:8      | Found an ancient bone altar of Kikubaaqudgha.
  5810 | D:8      | Reached skill level 7 in Armour
  5954 | D:8      | Reached skill level 8 in Armour
  5972 | D:8      | HP: 1/75 [orc priest/divine providence (10)]
  5972 | D:8      | Killed from afar by an orc priest

Skill      XL: |  1  2  3  4  5  6  7  8  9 |
---------------+----------------------------+-----
Maces & Flails | 3 4 5 6 7 |  7.0
Dodging        | 4 5 |  5.0
Stealth        | 1 2 |  2.0
Armour         | 4 5 6 8 |  8.6
Fighting       | 3 |  3.0
Evocations     | 6 |  6.0
Shields        | 5 |  5.0

Action                   |  1- 3 |  4- 6 |  7- 9 || total
-------------------------+-------+-------+-------++-------
Melee: Flail             |   114 |   207 |   501 ||   822
Invok: Lesser Healing    |       |       |     4 ||     4
Evoke: Wand              |       |     2 |     8 ||    10
  Use: Potion            |       |     1 |     2 ||     3
       Scroll            |       |       |    19 ||    19
  Eat: Chunk             |     1 |     4 |     9 ||    14
       Pizza             |       |       |     1 ||     1
       Beef jerky        |       |       |     1 ||     1
       Royal jelly       |       |       |     1 ||     1
Armor: Scale mail        |    40 |       |       ||    40
       Chain mail        |    28 |   105 |   162 ||   295
       Ice dragon scales |       |       |    46 ||    46
Dodge: Dodged            |    38 |    53 |   136 ||   227
Block: Shield            |    63 |    97 |   223 ||   383
